 Dungeon Crawl Stone Soup version 0.31-a0-174-g85c54bcb58 (webtiles) character file.

Game seed: 9273013569854638807

150337 qw the Severer (level 17, -9/111 HPs)
             Began as a Gargoyle Fighter on June 15, 2023.
             Was an Elder of Okawaru.
             Engulfed by a cloud of spectral mist (10 damage)
             ... on level 3 of the Swamp.
             The game lasted 00:15:16 (27813 turns).

qw the Severer (Gargoyle Fighter)                  Turns: 27813, Time: 00:15:17

Health: -9/111     AC: 44    Str: 35    XL:     17   Next: 53%
Magic:  24/24      EV: 17    Int:  8    God:    Okawaru [****..]
Gold:   352        SH: 15    Dex: 12    Spells: 16/16 levels left

rFire   + . .        G - +11 broad axe "Oroutt" {freeze, rF+ Dex+3}
rCold   + + .        J - +1 kite shield {reflect}
rNeg    + + .        H - +1 plate armour {rN+}
rPois   inf          s - +2 hat
rElec   +            L - +2 cloak "Yhemet" {*Slow rC++}
rCorr   .            D - +1 pair of gloves
SInv    .            v - +2 pair of boots
Will    +....        r - amulet of faith Stlth
                     h - +6 ring of strength
HPRegen 0.38/turn    l - +5 ring of evasion
MPRegen 0.19/turn

%: slow self (1%), reflection, faith
@: about to teleport, heroic, flying
A: sickness immunity, AC +12, big wings, negative energy resistance 1,
electricity resistance, torment resistance 1, petrification resistance
a: Renounce Religion, Heroism, Finesse


You were on level 3 of the Swamp.
You worshipped Okawaru.
Okawaru was greatly pleased with you.
You visited 5 branches of the dungeon, and saw 26 of its levels.
You visited the Abyss 1 time.

You collected 3023 gold pieces.
You spent 2671 gold pieces at shops.


Innate Abilities, Weirdness & Mutations

You are immune to sickness and miasma.
Your stone body is resilient. (AC +12)
You are immune to poison.
Your large and strong wings let you fly.
You resist negative energy. (rN+)
You are resistant to electric shocks. (rElec)
You are resistant to unholy torment.
You are immune to petrification.


   Skills:
 - Level 14.0(19.0) Fighting
 - Level 18.0(23.0) Axes
 - Level 7.0(12.0) Throwing
 + Level 12.8(17.8) Armour
 - Level 5.6(10.6) Dodging
 - Level 13.9(18.9) Shields
 - Level 10.0 Invocations


You had 16 spell levels left.
You didn't know any spells.
Your spell library was empty.

Inventory:

Hand Weapons
 p - the +6 morningstar "Kabb" {elec, rPois rF+}
   (You found it on level 3 of the Dungeon)

   rF:        It protects you from fire.
   rPois:     It protects you from poison.
 z - the +5 war axe of the Bruised Dances {freeze, rN+ rCorr MP-9 Dex+3}
   (Okawaru gifted it to you on level 5 of the Lair of Beasts)

   Dex:       It affects your dexterity (+3).
   rN:        It protects you from negative energy.
   MP:        It affects your magic capacity (-9).
   rCorr:     It protects you from acid and corrosion.
 G - the +11 broad axe "Oroutt" (weapon) {freeze, rF+ Dex+3}
   (Okawaru gifted it to you on level 5 of the Lair of Beasts)

   Dex:       It affects your dexterity (+3).
   rF:        It protects you from fire.
 N - a +2 broad axe
Missiles
 q - 2 boomerangs (quivered)
 u - 7 silver javelins
 B - a javelin
Armour
 c - +0 fire dragon scales
 s - a +2 hat (worn)
 v - a +2 pair of boots (worn)
 x - a +1 chain mail of fire resistance
 A - +0 acid dragon scales
 D - a +1 pair of gloves (worn)
 H - a +1 plate armour of positive energy (worn)
 J - a +1 kite shield of reflection (worn)
 K - a +1 chain mail of cold resistance
 L - the +2 cloak "Yhemet" (worn) {*Slow rC++}
   (You bought it in a shop on level 2 of the Orcish Mines)

   rC:        It greatly protects you from cold.
   *Slow:     It may slow you when you take damage.
Jewellery
 h - a +6 ring of strength (left hand)
 l - a +5 ring of evasion (right hand)
 r - an amulet of faith (around neck)
 C - an amulet of reflection
 E - a ring of resist corrosion
Wands
 w - a wand of digging (6)
Scrolls
 i - 9 scrolls of identify
 o - 6 scrolls of teleportation
 t - a scroll of brand weapon
 F - 3 scrolls of enchant weapon
Potions
 d - 3 potions of might
 e - 4 potions of attraction
 f - 4 potions of lignification
 g - 6 potions of haste
 k - 9 potions of curing
 m - 2 potions of resistance
 n - 4 potions of cancellation
 I - a potion of mutation

Dungeon Overview and Level Annotations

Branches:
Dungeon (15/15)            Temple (1/1) D:4            Lair (5/5) D:11
  Swamp (3/4) Lair:3       Spider (0/4) Lair:3        Slime (0/5) Lair:5
    Orc (2/2) D:10            Elf (0/3) Orc:2        Vaults (0/5) D:13
 Depths (0/4) D:15

Altars:
Ashenzari
Cheibriados
Dithmenos
Elyvilon
Fedhas
Gozag
Hepliaklqana
Kikubaaqudgha
Makhleb
Nemelex Xobeh
Okawaru
Qazlal
Ru
Sif Muna
Trog
Uskayaw
Vehumet
Wu Jian
Xom
Yredelemnul
Zin
The Shining One
Jiyva

Shops:
Orc:1 [   Orc:2 [=!*

Portals:
Pandemonium: Orc:2

Annotations:
D:7 3 runed translucent doors, qw's ghost, novice NaHu
D:9 3 runed translucent doors, qw's ghost, journeyman NaHu
Lair:5 1 runed translucent door
Swamp:3 Nikola
Orc:2 2 runed translucent doors


Message History

You slash Nikola! You freeze Nikola.
Nikola is moderately wounded.
Nikola hits you with a +3 rapier of electrocution.
You open Nikola like a pillowcase!!! You freeze Nikola!!
Nikola is heavily wounded.
Nikola hits you but does no damage.
You slash Nikola! You freeze Nikola.
Nikola is heavily wounded.
You completely miss Nikola.
Nikola is heavily wounded.
Your surroundings seem slightly different.
Enter note:
Enter note:
27806 ||| READING 8 scrolls of teleportation.
As you read the scroll of teleportation, it crumbles to dust.
You feel strangely unstable.
Nikola gestures wildly while chanting.
Nikola blinks!
You start resting.
Your surroundings suddenly seem different.
A ghost crab comes into view.
Enter note:
Enter note:
27810 ||| READING 7 scrolls of teleportation.
As you read the scroll of teleportation, it crumbles to dust.
You feel strangely unstable.
The ghost crab breathes spectral mist at you.
The spectral mist engulfs you but does no damage.
You slice the ghost crab!! You freeze the ghost crab.
The ghost crab is moderately damaged.
You hit the spectral death drake. You freeze the spectral death drake.
You are engulfed in spectral mist.
You block the ghost crab's attack.
The ghost crab claws you but does no damage.
You cut the ghost crab into ribbons!!! You freeze the ghost crab.
You destroy the ghost crab!
Okawaru accepts your kill.
You can now speed up your combat.
The spectral death drake fades away!
The spectral fenstrider witch fades away!
You are engulfed in spectral mist.
You die... 77 77777777777777

.~~7..)¤..7.~7.~77
....~...~....~....~.~¤77
.~..~~...~(..~¤~....~.¤7 7~..7
.~..~~.~..7...¤¤0~.~~~777.~.~7
..¤.......7...¤@0.....~7~~..7
....7~~...77.7.¤¤¤.....~....777
7....~~~..7..7.%....¤~..7.~~.~7
.......~..7..7.....~..~...~~...
~.....~..77.77.7..~.~....~~7
.~.......7~.7~.7.¤..~..~~~.77
....~~./.7..7..7..../..~~...7
~.7.~....7.77.77.......~..~77
~~...77777....7~...7...7~...77


There were no monsters in sight!

Vanquished Creatures
  Jorgrun (Orc:1)
  2 tentacled starspawn (Abyss:2)
  A thorn hunter (Swamp:2)
  A draconian shifter (Abyss:2)
  A stone giant (D:15)
  Nessos (Lair:3)
  3 bunyips
  2 eleionomae (Swamp:1)
  A fire dragon (D:14)
  A rakshasa (Abyss:2)
  11 hydras
  2 ghost crabs (Swamp:3)
  2 demonspawn (Orc:2)
  6 centaur warriors
  5 two-headed ogres
  A catoblepas (Lair:4)
  5 boulder beetles
  8 death yaks (Lair:4)
  2 tengu warriors (D:15)
  3 alligators (Swamp:2)
  2 wretched stars (Abyss:2)
  Urug (Orc:2)
  3 skysharks
  Sonja (Orc:2)
  5 orc high priests (Orc:2)
  10 skeletal warriors (D:15)
  4 spriggans
  7 goliath frogs
  3 spriggan druids
  A bunyip zombie (Abyss:2)
  A death drake (Swamp:2)
  A golden dragon zombie (Abyss:2)
  4 swamp dragons
  2 wizards
  2 bog bodies (Swamp:2)
  A deep elf pyromancer (D:14)
  6 orc knights
  4 necromancers (Orc:1)
  20 ugly things
  A deep elf zephyrmancer (D:13)
  3 will-o-the-wisps
  6 orc sorcerers (Orc:2)
  6 cyclopes
  A wolf spider zombie (D:12)
  A wolf spider (Lair:5)
  4 manticores
  12 centaur zombies (D:12)
  Maurice (D:12)
  8 black mambas
  A guardian serpent (Lair:5)
  24 cane toads
  3 smoke demons
  A torpor snail (Lair:4)
  A gargoyle (D:10)
  Maggie (Lair:2)
  3 kobold demonologists
  An orange demon (Orc:2)
  7 rime drakes
  2 efreet
  3 unseen horrors
  10 komodo dragons
  A freezing wraith (D:15)
  A yaktaur (D:13)
  An ancient zyme (Abyss:2)
  4 starcursed masses (Abyss:2)
  10 polar bears
  6 hornets
  6 raiju (Lair:5)
  3 trolls
  4 tyrant leeches
  16 blink frogs
  4 dream sheep (Lair:5)
  An ettin skeleton (Orc:1)
  A shadow (Abyss:2)
  A spriggan (shapeshifter) (D:15)
  A water elemental (D:14)
  2 orc simulacra (Orc:1)
  64 yaks
  11 wyverns
  A ynoxinul (Orc:2)
  6 basilisks
  A human (shapeshifter) (D:15)
  A wraith (D:9)
  A vampire (D:10)
  A naga simulacrum (Abyss:2)
  3 redbacks
  A steam dragon (D:9)
  6 vampire mosquitoes
  3 large abominations (Abyss:2)
  3 chaos spawn
  5 wargs
  21 swamp worms
  3 small abominations (Abyss:2)
  31 water moccasins
  11 hell hounds (Lair:5)
  3 acid dragons
  34 orc warriors
  14 black bears
  A swamp drake (Swamp:1)
  An ice beast (D:8)
  8 centaurs
  7 ogres
  27 wolves
  An orc skeleton (Orc:1)
  14 bullfrogs
  4 kobold brigands
  2 gnoll sergeants
  3 cyclops zombies (Orc:1)
  8 wights
  2 troll zombies (Orc:1)
  A cyclops skeleton (Orc:1)
  2 howler monkeys (D:10)
  2 electric eels (Lair:2)
  2 lava snakes (Lair:3)
  A gnoll bouda (D:8)
  A hound (D:4)
  5 jellies
  25 orc priests
  3 iron imps (Abyss:2)
  An iguana (D:6)
  18 orc wizards
  An ogre zombie (Orc:1)
  19 gnolls
  2 orc zombies (Orc:1)
  10 adders
  2 shadow imps (D:6)
  2 worms
  3 dart slugs
  60 orcs
  3 endoplasms
  6 giant cockroaches
  7 goblins
  7 hobgoblins
  2 jackals (D:2)
  14 kobolds
  5 quokkas
  6 ball pythons
  4 rats
  4 starspawn tentacles (Abyss:2)
819 creatures vanquished.

Vanquished Creatures (others)
  A ghost crab (Swamp:3)
  2 bloated husks (Swamp:2)
  A centaur simulacrum (D:15)
  A spriggan (Swamp:3)
  A golden eye (Abyss:2)
  18 foxfires
  A spectral weapon (D:10)
  3 starspawn tentacles (Abyss:2)
28 creatures vanquished.

Grand Total: 847 creatures vanquished

Notes
Turn   | Place    | Note
-------+----------+-------------------------------------------
     0 | D:1      | qw the Gargoyle Fighter began the quest for the Orb.
     0 | D:1      | Reached XP level 1. HP: 14/14 MP: 1/1
     0 | D:1      | 0 ||| qw: Version: 0.2-a-29-g511e9b1
     0 | D:1      | 0 ||| qw: Game counter: 5368
     0 | D:1      | 0 ||| qw: Always use a shield: true
     0 | D:1      | 0 ||| qw: God list: Okawaru
     0 | D:1      | 0 ||| qw: Allow faded altars: false
     0 | D:1      | 0 ||| qw: Do Orc after D:15 true
     0 | D:1      | 0 ||| qw: Do second Lair branch before Depths: true
     0 | D:1      | 0 ||| qw: Lair rune preference: random
     0 | D:1      | 0 ||| qw: Plans: Normal, Zot:1-4, Slime:5, God:TSO, Crypt,
                  | Tomb, Abyss, Pan, Hells, Win
     0 | D:1      | 0 ||| PLANNING D:1-11
   190 | D:1      | 190 ||| Stepping ~*~*~tactically~*~*~ (hiding).
   191 | D:1      | 191 ||| Stepping ~*~*~tactically~*~*~ (hiding).
   194 | D:1      | 194 ||| Stepping ~*~*~tactically~*~*~ (hiding).
   199 | D:1      | Reached skill level 2 in Axes
   445 | D:1      | Reached XP level 2. HP: 19/19 MP: 2/2
   525 | D:1      | 525 ||| Stepping ~*~*~tactically~*~*~ (hiding).
  1029 | D:1      | 1029 ||| UPGRADING to +0 cloak.
  1034 | D:1      | 1034 ||| UPGRADING to +0 chain mail.
  1044 | D:1      | 1044 ||| DROPPING +0 scale mail.
  1045 | D:1      | 1045 ||| DROPPING amulet of magic regeneration.
  1046 | D:1      | 1046 ||| UPGRADING to +6 ring of strength.
  1047 | D:1      | 1047 ||| READING scroll labelled DAPUYN VUTOJU.
  1048 | D:1      | 1048 ||| READING 3 scrolls labelled LIAPRA RASIDU.
  1049 | D:1      | 1049 ||| READING 2 scrolls of identify.
  1049 | D:1      | 1049 ||| IDENTIFYING orange potion
  1166 | D:2      | Reached skill level 3 in Axes
  1189 | D:2      | Reached XP level 3. HP: 20/23 MP: 3/3
  1817 | D:2      | 1817 ||| READING scroll labelled GIUWNO RUPTIN.
  1818 | D:2      | 1818 ||| READING scroll labelled YRIZEFAEFU.
  1819 | D:2      | 1819 ||| DRINKING 2 lumpy inky potions.
  1868 | D:3      | Found a shimmering altar of Xom.
  1946 | D:3      | 1946 ||| Stepping ~*~*~tactically~*~*~ (hiding).
  1961 | D:3      | Reached XP level 4. HP: 27/28 MP: 4/4
  2122 | D:3      | 2122 ||| Stepping ~*~*~tactically~*~*~ (stealth).
  2124 | D:3      | 2124 ||| Stepping ~*~*~tactically~*~*~ (stealth).
  2133 | D:3      | Reached skill level 4 in Axes
  2345 | D:3      | Found a blossoming altar of Fedhas.
  2410 | D:3      | Identified the +6 morningstar "Kabb" {elec, rPois rF+}
  2412 | D:3      | 2412 ||| DROPPING +0 mace.
  2559 | D:3      | 2559 ||| UPGRADING to +0 plate armour.
  2569 | D:3      | 2569 ||| DROPPING +0 chain mail.
  2570 | D:3      | 2570 ||| READING scroll labelled BIHYIM LETIO.
  2590 | D:3      | 2590 ||| READING scroll labelled METEVE JEGOTUA.
  2591 | D:3      | 2591 ||| READING 4 scrolls of identify.
  2591 | D:3      | 2591 ||| IDENTIFYING smoky blue potion
  2592 | D:3      | 2592 ||| READING 3 scrolls of identify.
  2592 | D:3      | 2592 ||| IDENTIFYING fuming dark potion
  2593 | D:3      | 2593 ||| READING 2 scrolls of identify.
  2593 | D:3      | 2593 ||| IDENTIFYING white potion
  2594 | D:3      | 2594 ||| DROPPING potion of degeneration.
  2757 | D:4      | Reached XP level 5. HP: 28/32 MP: 5/5
  2793 | D:4      | 2793 ||| Stepping ~*~*~tactically~*~*~ (stealth).
  2801 | D:4      | 2801 ||| Stepping ~*~*~tactically~*~*~ (hiding).
  3042 | D:4      | Found a staircase to the Ecumenical Temple.
  3043 | D:4      | 3043 ||| PLANNING TEMPLE
  3043 | D:4      | 3043 ||| DROPPING ring of flight.
  3044 | D:4      | 3044 ||| READING 2 scrolls labelled YDULUE MEUNWUO.
  3045 | D:4      | 3045 ||| READING scroll of enchant weapon.
  3045 | D:4      | 3045 ||| ENCHANTING +1 war axe.
  3046 | D:4      | 3046 ||| READING scroll labelled KIVEMI LOMAIQU.
  3047 | D:4      | 3047 ||| READING 2 scrolls of identify.
  3047 | D:4      | 3047 ||| IDENTIFYING viscous dark potion
  3056 | Temple   | Entered the Ecumenical Temple
  3062 | Temple   | 3062 ||| PLANNING OKAWARU WORSHIP
  3118 | Temple   | Became a worshipper of Warmaster Okawaru
  3119 | Temple   | 3119 ||| PLANNING D:1-11
  3531 | D:4      | Reached skill level 5 in Axes
  3616 | D:4      | 3616 ||| READING scroll labelled OTZUGG MAIPN.
  3619 | D:4      | 3619 ||| READING scroll labelled CIOFENI CULA.
  3620 | D:4      | 3620 ||| READING 2 scrolls of identify.
  3620 | D:4      | 3620 ||| IDENTIFYING glowing green potion
  3635 | D:5      | Entered Level 5 of the Dungeon
  3708 | D:5      | 3708 ||| Stepping ~*~*~tactically~*~*~ (stealth).
  3874 | D:5      | Reached XP level 6. HP: 38/38 MP: 6/6
  3878 | D:5      | Noticed a water moccasin
  3897 | D:5      | Killed a water moccasin
  4478 | D:5      | 4478 ||| UPGRADING to amulet of regeneration.
  4483 | D:5      | 4483 ||| UPGRADING to +5 ring of evasion.
  4484 | D:5      | 4484 ||| READING scroll labelled OLOESKAQ NUUX.
  4579 | D:6      | 4579 ||| Stepping ~*~*~tactically~*~*~ (stealth).
  4583 | D:6      | 4583 ||| Stepping ~*~*~tactically~*~*~ (hiding).
  4590 | D:6      | 4590 ||| Stepping ~*~*~tactically~*~*~ (hiding).
  4597 | D:6      | Reached XP level 7. HP: 38/44 MP: 7/7
  4625 | D:6      | 4625 ||| Stepping ~*~*~tactically~*~*~ (stealth).
  4627 | D:6      | 4627 ||| Stepping ~*~*~tactically~*~*~ (hiding).
  4639 | D:6      | Reached skill level 6 in Axes
  4679 | D:6      | Reached * piety under Okawaru
  4697 | D:6      | Reached skill level 1 in Dodging
  4938 | D:6      | 4938 ||| READING scroll of brand weapon.
  4938 | D:6      | 4938 ||| BRANDING +2 heavy war axe.
  5121 | D:7      | 5121 ||| INVOKING Heroism.
  5128 | D:7      | Reached skill level 7 in Axes
  5128 | D:7      | Reached skill level 1 in Invocations
  5192 | D:7      | Reached XP level 8. HP: 49/49 MP: 9/9
  5242 | D:7      | 5242 ||| INVOKING Heroism.
  5245 | D:7      | Reached skill level 3 in Invocations
  5304 | D:7      | Found a hide-covered altar of Uskayaw.
  5304 | D:7      | Found a glowing silver altar of Zin.
  5306 | D:7      | 5306 ||| UPGRADING to +2 hat.
  5327 | D:7      | 5327 ||| READING 2 scrolls of identify.
  5327 | D:7      | 5327 ||| IDENTIFYING blue potion
  5328 | D:7      | 5328 ||| DROPPING potion of brilliance.
  5343 | D:7      | 5343 ||| Stepping ~*~*~tactically~*~*~ (hiding).
  5344 | D:7      | 5344 ||| INVOKING Heroism.
  5388 | D:7      | 5388 ||| INVOKING Heroism.
  5456 | D:7      | Found a stormy altar of Qazlal.
  5567 | D:7      | Found a runed translucent gate.
  5568 | D:7      | Found a runed translucent gate.
  5569 | D:7      | Found a runed translucent gate.
  5579 | D:7      | 5579 ||| INVOKING Heroism.
  5712 | D:7      | 5712 ||| INVOKING Heroism.
  5719 | D:7      | Reached skill level 1 in Throwing
  5794 | D:7      | Noticed qw's ghost (novice NaHu)
  5796 | D:7      | 5796 ||| READING scroll labelled VIEWIH RUDUE.
  5797 | D:7      | 5797 ||| READING 2 scrolls of identify.
  5797 | D:7      | 5797 ||| IDENTIFYING cyan potion
  5798 | D:7      | 5798 ||| DROPPING potion of berserk rage.
  5828 | D:8      | 5828 ||| Stepping ~*~*~tactically~*~*~ (hiding).
  5844 | D:8      | 5844 ||| Stepping ~*~*~tactically~*~*~ (hiding).
  5890 | D:8      | Noticed a yak
  5890 | D:8      | Noticed a yak
  5892 | D:8      | Noticed a yak
  5895 | D:8      | Killed a yak
  5896 | D:8      | Reached skill level 8 in Axes
  5899 | D:8      | Killed a yak
  5900 | D:8      | Reached XP level 9. HP: 55/55 MP: 12/12
  5903 | D:8      | Reached ** piety under Okawaru
  5904 | D:8      | Reached skill level 6 in Fighting
  6087 | D:8      | 6087 ||| READING scroll of enchant weapon.
  6087 | D:8      | 6087 ||| ENCHANTING +2 spectral war axe.
  6088 | D:8      | 6088 ||| DROPPING +3 war axe.
  6116 | D:8      | Found a sparkling altar of Nemelex Xobeh.
  6146 | D:8      | 6146 ||| Stepping ~*~*~tactically~*~*~ (hiding).
  6147 | D:8      | 6147 ||| Stepping ~*~*~tactically~*~*~ (hiding).
  6149 | D:8      | 6149 ||| Stepping ~*~*~tactically~*~*~ (hiding).
  6155 | D:8      | Reached skill level 9 in Axes
  6411 | D:8      | Found a burning altar of Makhleb.
  6412 | D:8      | 6412 ||| INVOKING Heroism.
  6450 | D:8      | 6450 ||| Stepping ~*~*~tactically~*~*~ (stealth).
  6539 | D:8      | Found a white marble altar of Elyvilon.
  6638 | D:8      | 6638 ||| Stepping ~*~*~tactically~*~*~ (stealth).
  6639 | D:8      | 6639 ||| Stepping ~*~*~tactically~*~*~ (stealth).
  6640 | D:8      | 6640 ||| INVOKING Heroism.
  6798 | D:8      | 6798 ||| READING scroll labelled PIELUC GAMETE.
  6799 | D:8      | 6799 ||| READING scroll labelled POAREYFUPI.
  6889 | D:9      | 6889 ||| Stepping ~*~*~tactically~*~*~ (hiding).
  6899 | D:9      | Reached *** piety under Okawaru
  6911 | D:9      | Noticed a troll
  6912 | D:9      | 6912 ||| Stepping ~*~*~tactically~*~*~ (stealth).
  6914 | D:9      | 6914 ||| INVOKING Heroism.
  6918 | D:9      | Killed a troll
  6919 | D:9      | Reached skill level 10 in Axes
  6919 | D:9      | Reached XP level 10. HP: 63/63 MP: 10/13
  6957 | D:9      | Identified the +4 orcbow of Okawaru {freeze, rElec Dex+2}
  6970 | D:9      | 6970 ||| INVOKING Heroism.
  7019 | D:9      | Reached skill level 6 in Armour
  7126 | D:9      | 7126 ||| READING scroll of enchant weapon.
  7126 | D:9      | 7126 ||| ENCHANTING +3 spectral war axe.
  7140 | D:9      | 7140 ||| Stepping ~*~*~tactically~*~*~ (stealth).
  7152 | D:9      | Reached **** piety under Okawaru
  7215 | D:9      | 7215 ||| Stepping ~*~*~tactically~*~*~ (hiding).
  7216 | D:9      | 7216 ||| Stepping ~*~*~tactically~*~*~ (hiding).
  7439 | D:9      | Found a runed translucent gate.
  7439 | D:9      | Found a runed translucent gate.
  7439 | D:9      | Found a runed translucent gate.
  7441 | D:9      | Noticed a kobold demonologist
  7441 | D:9      | Noticed a kobold demonologist
  7441 | D:9      | Noticed qw's ghost (journeyman NaHu)
  7443 | D:9      | Noticed a kobold demonologist
  7501 | D:9      | 7501 ||| UPGRADING to amulet of faith.
  7524 | D:10     | Entered Level 10 of the Dungeon
  7559 | D:10     | Killed an unseen horror
  7596 | D:10     | Found a staircase to the Orcish Mines.
  7642 | D:10     | Noticed a two-headed ogre
  7643 | D:10     | 7643 ||| INVOKING Heroism.
  7648 | D:10     | Killed a two-headed ogre
  7751 | D:10     | 7751 ||| INVOKING Heroism.
  7756 | D:10     | Reached skill level 6 in Invocations
  7829 | D:10     | Reached ***** piety under Okawaru
  7830 | D:10     | Reached skill level 11 in Axes
  7830 | D:10     | Reached XP level 11. HP: 62/68 MP: 15/15
  8108 | D:10     | Noticed a two-headed ogre
  8109 | D:10     | 8109 ||| INVOKING Heroism.
  8116 | D:10     | Killed a two-headed ogre
  8383 | D:10     | Identified the +8 falchion of Okawaru's Pride {drain,
                  | Int+3} (Okawaru gifted it to you on level 10 of the
                  | Dungeon)
  8383 | D:10     | Received a gift from Okawaru
  8465 | D:10     | 8465 ||| DROPPING +2 hat of stealth.
  8466 | D:10     | 8466 ||| READING scroll labelled SUOSOGUMUA.
  8659 | D:11     | 8659 ||| Stepping ~*~*~tactically~*~*~ (hiding).
  8660 | D:11     | 8660 ||| Stepping ~*~*~tactically~*~*~ (hiding).
  8663 | D:11     | 8663 ||| STAIRDANCE
  8669 | D:10     | 8669 ||| INVOKING Heroism.
  8799 | D:11     | Noticed a green ugly thing
  8805 | D:11     | Killed a green ugly thing
  8978 | D:11     | Found a staircase to the Lair.
  8997 | D:11     | Noticed a soul eater
  9484 | D:11     | Noticed a manticore
  9485 | D:11     | 9485 ||| INVOKING Heroism.
  9490 | D:11     | Killed a manticore
  9585 | D:11     | Noticed a cyclops
  9586 | D:11     | 9586 ||| INVOKING Heroism.
  9593 | D:11     | Killed a cyclops
  9593 | D:11     | Received a gift from Okawaru
  9594 | D:11     | Reached skill level 3 in Throwing
  9847 | D:11     | 9847 ||| PLANNING LAIR
  9847 | D:11     | 9847 ||| UPGRADING to +1 pair of boots.
  9852 | D:11     | 9852 ||| UPGRADING to scarf of repulsion.
  9862 | D:11     | 9862 ||| READING 2 scrolls of identify.
  9862 | D:11     | 9862 ||| IDENTIFYING green potion
  9863 | D:11     | 9863 ||| DROPPING potion of enlightenment.
  9909 | Lair:1   | Entered Level 1 of the Lair of Beasts
  9918 | Lair:1   | 9918 ||| STAIRDANCE
  9922 | D:11     | Reached skill level 9 in Invocations
  9968 | Lair:1   | Reached skill level 9 in Fighting
 10103 | Lair:1   | 10103 ||| Stepping ~*~*~tactically~*~*~ (stealth).
 10121 | Lair:1   | 10121 ||| INVOKING Heroism.
 10212 | Lair:1   | Identified the +0 robe of Autumn {rElec rPois Str+2 Dex-3}
 10294 | Lair:1   | Reached XP level 12. HP: 76/76 MP: 19/19
 10329 | Lair:1   | 10329 ||| READING scroll of enchant weapon.
 10329 | Lair:1   | 10329 ||| ENCHANTING +4 spectral war axe.
 10428 | Lair:1   | 10428 ||| INVOKING Heroism.
 10446 | Lair:1   | Reached skill level 12 in Axes
 10579 | Lair:1   | Reached skill level 6 in Shields
 10700 | Lair:1   | 10700 ||| Stepping ~*~*~tactically~*~*~ (hiding).
 10873 | Lair:1   | 10873 ||| READING 2 scrolls labelled DEV OTAUVALEGU.
 10874 | Lair:1   | 10874 ||| DROPPING scroll of blinking.
 10903 | Lair:2   | Noticed a skyshark
 10904 | Lair:2   | 10904 ||| Stepping ~*~*~tactically~*~*~ (stealth).
 10911 | Lair:2   | Killed a skyshark
 11079 | Lair:2   | Identified the +5 broad axe of Biar {heavy, Fly Int+5}
                  | (Okawaru gifted it to you on level 2 of the Lair of Beasts)
 11079 | Lair:2   | Received a gift from Okawaru
 11096 | Lair:2   | 11096 ||| UPGRADING to +5 broad axe of Biar {heavy, Fly
                  | Int+5}.
 11136 | Lair:2   | Noticed a five-headed hydra
 11137 | Lair:2   | 11137 ||| INVOKING Heroism.
 11138 | Lair:2   | 11138 ||| INVOKING Finesse.
 11146 | Lair:2   | 11146 ||| SWAPPING to +6 morningstar "Kabb" {elec, rPois
                  | rF+}.
 11154 | Lair:2   | Killed a five-headed hydra
 11236 | Lair:2   | 11236 ||| UPGRADING to +5 spectral war axe.
 11237 | Lair:2   | 11237 ||| UPGRADING to +5 broad axe of Biar {heavy, Fly
                  | Int+5}.
 11317 | Lair:2   | 11317 ||| INVOKING Heroism.
 11323 | Lair:2   | Noticed Maggie
 11324 | Lair:2   | 11324 ||| Stepping ~*~*~tactically~*~*~ (hiding).
 11361 | Lair:2   | HP: 19/78 [something/bolt of fire (16)]
 11366 | Lair:2   | 11366 ||| READING 5 scrolls of teleportation.
 11403 | Lair:2   | 11403 ||| Stepping ~*~*~tactically~*~*~ (hiding).
 11404 | Lair:2   | 11404 ||| Stepping ~*~*~tactically~*~*~ (hiding).
 11407 | Lair:2   | 11407 ||| INVOKING Heroism.
 11411 | Lair:2   | Killed Maggie
 11790 | Lair:3   | 11790 ||| INVOKING Heroism.
 11790 | Lair:3   | Noticed Nessos
 11791 | Lair:3   | 11791 ||| INVOKING Finesse.
 11795 | Lair:3   | Killed Nessos
 11811 | Lair:3   | Reached skill level 13 in Axes
 11817 | Lair:3   | Identified the +6 scale mail "Diesmoyn" {MP+9} (Okawaru
                  | gifted it to you on level 3 of the Lair of Beasts)
 11817 | Lair:3   | Received a gift from Okawaru
 11873 | Lair:3   | Noticed a seven-headed hydra
 11874 | Lair:3   | 11874 ||| INVOKING Heroism.
 11875 | Lair:3   | 11875 ||| INVOKING Finesse.
 11885 | Lair:3   | 11885 ||| SWAPPING to +6 morningstar "Kabb" {elec, rPois
                  | rF+}.
 11889 | Lair:3   | Killed a seven-headed hydra
 11890 | Lair:3   | Reached skill level 9 in Armour
 11895 | Lair:3   | Reached XP level 13. HP: 82/83 MP: 13/20
 11900 | Lair:3   | 11900 ||| UPGRADING to +5 spectral war axe.
 11901 | Lair:3   | 11901 ||| UPGRADING to +5 broad axe of Biar {heavy, Fly
                  | Int+5}.
 11944 | Lair:3   | Found a staircase to the Swamp.
 12018 | Lair:3   | Found a hole to the Spider Nest.
 12325 | Lair:3   | 12325 ||| INVOKING Heroism.
 12415 | Lair:3   | 12415 ||| INVOKING Heroism.
 12833 | Lair:3   | 12833 ||| READING scroll labelled JAASOPN BYLY.
 12879 | Lair:4   | 12879 ||| INVOKING Heroism.
 12898 | Lair:4   | 12898 ||| STAIRDANCE
 12900 | Lair:3   | 12900 ||| INVOKING Heroism.
 12993 | Lair:4   | 12993 ||| STAIRDANCE
 13025 | Lair:4   | 13025 ||| INVOKING Heroism.
 13078 | Lair:4   | You are sucked into a shaft and drop 1 floor!
 13078 | Lair:5   | Entered Level 5 of the Lair of Beasts
 13079 | Lair:5   | 13079 ||| PLANNING GAUNTLET
 13079 | Lair:5   | 13079 ||| Stepping ~*~*~tactically~*~*~ (hiding).
 13080 | Lair:5   | 13080 ||| Stepping ~*~*~tactically~*~*~ (hiding).
 13081 | Lair:5   | 13081 ||| Stepping ~*~*~tactically~*~*~ (hiding).
 13082 | Lair:5   | 13082 ||| Stepping ~*~*~tactically~*~*~ (stealth).
 13088 | Lair:5   | Reached skill level 14 in Axes
 13106 | Lair:5   | 13106 ||| Stepping ~*~*~tactically~*~*~ (stealth).
 13337 | Lair:5   | Identified the +5 war axe of the Bruised Dances {freeze,
                  | rN+ rCorr MP-9 Dex+3} (Okawaru gifted it to you on level 5
                  | of the Lair of Beasts)
 13337 | Lair:5   | Received a gift from Okawaru
 13453 | Lair:5   | 13453 ||| INVOKING Heroism.
 13570 | Lair:5   | Found a runed translucent door.
 13571 | Lair:5   | Found a viscous altar of Jiyva.
 13572 | Lair:5   | Noticed an acid blob
 13573 | Lair:5   | Found a staircase to the Slime Pits.
 13573 | Lair:5   | Noticed an acid blob
 13601 | Lair:5   | 13601 ||| RIP GAUNTLET
 13607 | Lair:5   | 13607 ||| PLANNING LAIR
 13607 | Lair:5   | 13607 ||| UPGRADING to +0 pair of gloves.
 13614 | Lair:5   | 13614 ||| DROPPING +4 ring of protection.
 13751 | Lair:4   | 13751 ||| Stepping ~*~*~tactically~*~*~ (stealth).
 13781 | Lair:4   | 13781 ||| INVOKING Heroism.
 13782 | Lair:4   | 13782 ||| INVOKING Finesse.
 13824 | Lair:4   | 13824 ||| Stepping ~*~*~tactically~*~*~ (stealth).
 13856 | Lair:4   | 13856 ||| INVOKING Heroism.
 13857 | Lair:4   | 13857 ||| SWAPPING to +6 morningstar "Kabb" {elec, rPois
                  | rF+}.
 13858 | Lair:4   | 13858 ||| INVOKING Finesse.
 13903 | Lair:4   | 13903 ||| Stepping ~*~*~tactically~*~*~ (stealth).
 13904 | Lair:4   | 13904 ||| UPGRADING to +5 spectral war axe.
 13905 | Lair:4   | 13905 ||| UPGRADING to +5 broad axe of Biar {heavy, Fly
                  | Int+5}.
 13911 | Lair:4   | Received a gift from Okawaru
 13971 | Lair:4   | 13971 ||| INVOKING Heroism.
 13972 | Lair:4   | 13972 ||| Stepping ~*~*~tactically~*~*~ (stealth).
 13973 | Lair:4   | 13973 ||| INVOKING Finesse.
 13977 | Lair:4   | 13977 ||| Stepping ~*~*~tactically~*~*~ (stealth).
 14125 | Lair:4   | Reached skill level 15 in Axes
 14125 | Lair:4   | Gained mutation: Your large and strong wings let you fly.
                  | [Gargoyle growth]
 14125 | Lair:4   | Reached XP level 14. HP: 88/90 MP: 21/21
 14148 | Lair:4   | 14148 ||| Stepping ~*~*~tactically~*~*~ (hiding).
 14150 | Lair:4   | 14150 ||| Stepping ~*~*~tactically~*~*~ (hiding).
 14153 | Lair:4   | 14153 ||| INVOKING Heroism.
 14154 | Lair:4   | 14154 ||| INVOKING Finesse.
 14274 | Lair:4   | Reached skill level 3 in Dodging
 14293 | Lair:4   | Received a gift from Okawaru
 14348 | Lair:4   | 14348 ||| Stepping ~*~*~tactically~*~*~ (hiding).
 14441 | Lair:4   | 14441 ||| Stepping ~*~*~tactically~*~*~ (stealth).
 14458 | Lair:4   | 14458 ||| Stepping ~*~*~tactically~*~*~ (stealth).
 14461 | Lair:4   | 14461 ||| Stepping ~*~*~tactically~*~*~ (stealth).
 14462 | Lair:4   | 14462 ||| Stepping ~*~*~tactically~*~*~ (stealth).
 14464 | Lair:4   | 14464 ||| Stepping ~*~*~tactically~*~*~ (stealth).
 14826 | Lair:4   | 14826 ||| INVOKING Heroism.
 14827 | Lair:4   | 14827 ||| INVOKING Finesse.
 14838 | Lair:4   | Reached skill level 12 in Fighting
 14902 | Lair:4   | 14902 ||| READING 5 scrolls of identify.
 14902 | Lair:4   | 14902 ||| IDENTIFYING metallic red potion
 14917 | Lair:5   | 14917 ||| STAIRDANCE
 14938 | Lair:4   | 14938 ||| FLEEEEING.
 14939 | Lair:4   | 14939 ||| FLEEEEING.
 14940 | Lair:4   | 14940 ||| FLEEEEING.
 14941 | Lair:4   | 14941 ||| FLEEEEING.
 14942 | Lair:4   | 14942 ||| FLEEEEING.
 14943 | Lair:4   | 14943 ||| FLEEEEING.
 14944 | Lair:4   | 14944 ||| FLEEEEING.
 14945 | Lair:4   | 14945 ||| FLEEEEING.
 14946 | Lair:4   | 14946 ||| FLEEEEING.
 14947 | Lair:4   | 14947 ||| FLEEEEING.
 14948 | Lair:4   | 14948 ||| FLEEEEING.
 14949 | Lair:4   | 14949 ||| FLEEEEING.
 14950 | Lair:4   | 14950 ||| FLEEEEING.
 14951 | Lair:4   | 14951 ||| FLEEEEING.
 14952 | Lair:4   | 14952 ||| FLEEEEING.
 14953 | Lair:4   | 14953 ||| FLEEEEING.
 14961 | Lair:4   | 14961 ||| INVOKING Heroism.
 15156 | Lair:5   | 15156 ||| Stepping ~*~*~tactically~*~*~ (stealth).
 15157 | Lair:5   | 15157 ||| Stepping ~*~*~tactically~*~*~ (stealth).
 15158 | Lair:5   | 15158 ||| Stepping ~*~*~tactically~*~*~ (stealth).
 15159 | Lair:5   | 15159 ||| Stepping ~*~*~tactically~*~*~ (stealth).
 15192 | Lair:5   | 15192 ||| INVOKING Heroism.
 15193 | Lair:5   | 15193 ||| INVOKING Finesse.
 15306 | Lair:5   | 15306 ||| Stepping ~*~*~tactically~*~*~ (stealth).
 15440 | Lair:5   | 15440 ||| INVOKING Heroism.
 15501 | Lair:5   | 15501 ||| Stepping ~*~*~tactically~*~*~ (stealth).
 15502 | Lair:5   | 15502 ||| Stepping ~*~*~tactically~*~*~ (stealth).
 15507 | Lair:5   | Received a gift from Okawaru
 15669 | Lair:5   | Reached skill level 16 in Axes
 15753 | Lair:5   | 15753 ||| Stepping ~*~*~tactically~*~*~ (stealth).
 15874 | Lair:5   | Received a gift from Okawaru
 15894 | Lair:5   | 15894 ||| Stepping ~*~*~tactically~*~*~ (stealth).
 15898 | Lair:5   | 15898 ||| Stepping ~*~*~tactically~*~*~ (stealth).
 15899 | Lair:5   | 15899 ||| Stepping ~*~*~tactically~*~*~ (stealth).
 15903 | Lair:5   | 15903 ||| INVOKING Heroism.
 15907 | Lair:5   | 15907 ||| Stepping ~*~*~tactically~*~*~ (stealth).
 15916 | Lair:5   | 15916 ||| Stepping ~*~*~tactically~*~*~ (stealth).
 15927 | Lair:5   | 15927 ||| Stepping ~*~*~tactically~*~*~ (stealth).
 15944 | Lair:5   | Identified the +11 broad axe "Oroutt" {freeze, rF+ Dex+3}
                  | (Okawaru gifted it to you on level 5 of the Lair of Beasts)
 15944 | Lair:5   | Received a gift from Okawaru
 15949 | Lair:5   | 15949 ||| INVOKING Heroism.
 15971 | Lair:5   | 15971 ||| FLEEEEING.
 16008 | Lair:5   | 16008 ||| UPGRADING to +11 broad axe "Oroutt" {freeze, rF+
                  | Dex+3}.
 16009 | Lair:5   | 16009 ||| DROPPING +5 broad axe of Biar {heavy, Fly Int+5}.
 16011 | Lair:5   | 16011 ||| Stepping ~*~*~tactically~*~*~ (hiding).
 16034 | Lair:5   | 16034 ||| INVOKING Heroism.
 16081 | Lair:5   | 16081 ||| Stepping ~*~*~tactically~*~*~ (stealth).
 16106 | Lair:5   | Identified a scroll of acquirement
 16128 | Lair:5   | 16128 ||| INVOKING Heroism.
 16129 | Lair:5   | 16129 ||| INVOKING Finesse.
 16137 | Lair:5   | 16137 ||| SWAPPING to +6 morningstar "Kabb" {elec, rPois
                  | rF+}.
 16163 | Lair:5   | 16163 ||| UPGRADING to +5 spectral war axe.
 16164 | Lair:5   | 16164 ||| UPGRADING to +11 broad axe "Oroutt" {freeze, rF+
                  | Dex+3}.
 16185 | Lair:5   | 16185 ||| READING scroll of acquirement.
 16185 | Lair:5   | 16185 ||| ACQUIRING 404 gold pieces
 16185 | Lair:5   | Acquired 404 gold pieces
 16210 | Lair:5   | 16210 ||| Stepping ~*~*~tactically~*~*~ (hiding).
 16253 | Lair:5   | 16253 ||| Stepping ~*~*~tactically~*~*~ (stealth).
 16286 | Lair:5   | Reached skill level 6 in Throwing
 16286 | Lair:5   | 16286 ||| Stepping ~*~*~tactically~*~*~ (stealth).
 16589 | Lair:5   | 16589 ||| PLANNING D
 16589 | Lair:5   | 16589 ||| UPGRADING to +2 pair of boots.
 16599 | Lair:5   | 16599 ||| DROPPING +1 pair of boots.
 16600 | Lair:5   | 16600 ||| DROPPING +1 hat.
 16601 | Lair:5   | 16601 ||| READING 6 scrolls of identify.
 16601 | Lair:5   | 16601 ||| IDENTIFYING silvery potion
 16602 | Lair:5   | 16602 ||| DROPPING potion of ambrosia.
 16873 | D:12     | 16873 ||| Stepping ~*~*~tactically~*~*~ (hiding).
 16874 | D:12     | 16874 ||| Stepping ~*~*~tactically~*~*~ (hiding).
 16878 | D:12     | Received a gift from Okawaru
 17063 | D:12     | Reached XP level 15. HP: 96/96 MP: 22/22
 17064 | D:12     | 17064 ||| Stepping ~*~*~tactically~*~*~ (stealth).
 17082 | D:12     | 17082 ||| Stepping ~*~*~tactically~*~*~ (stealth).
 17134 | D:12     | Received a gift from Okawaru
 17153 | D:12     | Found a basalt altar of Yredelemnul.
 17161 | D:12     | 17161 ||| Stepping ~*~*~tactically~*~*~ (stealth).
 17174 | D:12     | 17174 ||| Stepping ~*~*~tactically~*~*~ (stealth).
 17304 | D:12     | 17304 ||| Stepping ~*~*~tactically~*~*~ (hiding).
 17305 | D:12     | 17305 ||| Stepping ~*~*~tactically~*~*~ (hiding).
 17306 | D:12     | 17306 ||| Stepping ~*~*~tactically~*~*~ (hiding).
 17310 | D:12     | 17310 ||| Stepping ~*~*~tactically~*~*~ (hiding).
 17311 | D:12     | 17311 ||| Stepping ~*~*~tactically~*~*~ (hiding).
 17490 | D:12     | Noticed Maurice
 17496 | D:12     | Killed Maurice
 18093 | D:13     | 18093 ||| Stepping ~*~*~tactically~*~*~ (hiding).
 18099 | D:13     | Identified the +2 kite shield "Jicareer" {rN+ Int-5 Dex+9
                  | Slay-6} (Okawaru gifted it to you on level 13 of the
                  | Dungeon)
 18099 | D:13     | Received a gift from Okawaru
 18102 | D:13     | 18102 ||| Stepping ~*~*~tactically~*~*~ (hiding).
 18269 | D:13     | 18269 ||| FLEEEEING.
 18270 | D:13     | 18270 ||| FLEEEEING.
 18271 | D:13     | 18271 ||| FLEEEEING.
 18580 | D:13     | 18580 ||| Stepping ~*~*~tactically~*~*~ (hiding).
 18581 | D:13     | 18581 ||| Stepping ~*~*~tactically~*~*~ (hiding).
 18587 | Abyss:2  | Cast into level 2 of the Abyss (a wizard)
 18706 | Abyss:2  | 18706 ||| Stepping ~*~*~tactically~*~*~ (stealth).
 18713 | Abyss:2  | 18713 ||| Stepping ~*~*~tactically~*~*~ (stealth).
 18721 | Abyss:2  | 18721 ||| Stepping ~*~*~tactically~*~*~ (hiding).
 18723 | Abyss:2  | 18723 ||| Stepping ~*~*~tactically~*~*~ (hiding).
 18724 | Abyss:2  | 18724 ||| Stepping ~*~*~tactically~*~*~ (hiding).
 18741 | Abyss:2  | 18741 ||| Stepping ~*~*~tactically~*~*~ (stealth).
 18748 | Abyss:2  | Reached ****** piety under Okawaru
 18753 | Abyss:2  | Found a corrupted altar of Lugonu.
 18755 | Abyss:2  | Found a corrupted altar of Lugonu.
 18756 | Abyss:2  | 18756 ||| Stepping ~*~*~tactically~*~*~ (hiding).
 18767 | Abyss:2  | Reached skill level 17 in Axes
 18768 | Abyss:2  | 18768 ||| Stepping ~*~*~tactically~*~*~ (stealth).
 18811 | Abyss:2  | 18811 ||| Stepping ~*~*~tactically~*~*~ (hiding).
 18837 | Abyss:2  | Noticed a purple draconian shifter
 18838 | Abyss:2  | 18838 ||| Stepping ~*~*~tactically~*~*~ (hiding).
 18838 | Abyss:2  | Found an ornate altar of the Wu Jian Council.
 18839 | Abyss:2  | 18839 ||| Stepping ~*~*~tactically~*~*~ (hiding).
 18848 | Abyss:2  | 18848 ||| INVOKING Heroism.
 18864 | Abyss:2  | Killed a purple draconian shifter
 18894 | Abyss:2  | 18894 ||| INVOKING Heroism.
 18931 | Abyss:2  | Noticed a tentacled starspawn
 18938 | Abyss:2  | Killed a tentacled starspawn
 18986 | Abyss:2  | Noticed a tentacled starspawn
 18987 | Abyss:2  | 18987 ||| Stepping ~*~*~tactically~*~*~ (stealth).
 18993 | Abyss:2  | 18993 ||| INVOKING Heroism.
 18994 | Abyss:2  | Killed a tentacled starspawn
 19035 | Abyss:2  | 19035 ||| INVOKING Heroism.
 19043 | Abyss:2  | 19043 ||| Stepping ~*~*~tactically~*~*~ (stealth).
 19067 | Abyss:2  | 19067 ||| INVOKING Heroism.
 19080 | D:13     | Escaped the Abyss
 19217 | D:13     | Found a gate to the Vaults.
 19384 | D:13     | 19384 ||| UPGRADING to +2 kite shield "Jicareer" {rN+ Int-5
                  | Dex+9 Slay-6}.
 19394 | D:13     | 19394 ||| DROPPING +0 buckler.
 19395 | D:13     | 19395 ||| READING 5 scrolls of identify.
 19395 | D:13     | 19395 ||| IDENTIFYING fizzy purple potion
 19458 | D:14     | Received a gift from Okawaru
 19465 | D:14     | Reached skill level 9 in Shields
 19538 | D:14     | 19538 ||| Stepping ~*~*~tactically~*~*~ (hiding).
 19586 | D:14     | 19586 ||| INVOKING Heroism.
 19744 | D:14     | 19744 ||| INVOKING Heroism.
 19745 | D:14     | 19745 ||| INVOKING Finesse.
 19749 | D:14     | 19749 ||| SWAPPING to +6 morningstar "Kabb" {elec, rPois
                  | rF+}.
 19756 | D:14     | Received a gift from Okawaru
 19844 | D:14     | 19844 ||| UPGRADING to +5 spectral war axe.
 19845 | D:14     | 19845 ||| UPGRADING to +11 broad axe "Oroutt" {freeze, rF+
                  | Dex+3}.
 19870 | D:14     | 19870 ||| Stepping ~*~*~tactically~*~*~ (hiding).
 19872 | D:14     | 19872 ||| Stepping ~*~*~tactically~*~*~ (hiding).
 19989 | D:14     | 19989 ||| Stepping ~*~*~tactically~*~*~ (hiding).
 20063 | D:14     | 20063 ||| INVOKING Heroism.
 20064 | D:14     | 20064 ||| INVOKING Finesse.
 20065 | D:14     | 20065 ||| SWAPPING to +6 morningstar "Kabb" {elec, rPois
                  | rF+}.
 20075 | D:14     | Received a gift from Okawaru
 20076 | D:14     | Reached XP level 16. HP: 93/104 MP: 16/23
 20109 | D:14     | 20109 ||| UPGRADING to +5 spectral war axe.
 20110 | D:14     | 20110 ||| UPGRADING to +11 broad axe "Oroutt" {freeze, rF+
                  | Dex+3}.
 20133 | D:14     | 20133 ||| Stepping ~*~*~tactically~*~*~ (hiding).
 20134 | D:14     | 20134 ||| Stepping ~*~*~tactically~*~*~ (hiding).
 20136 | D:14     | 20136 ||| Stepping ~*~*~tactically~*~*~ (hiding).
 20323 | D:14     | 20323 ||| READING scroll of enchant armour.
 20323 | D:14     | 20323 ||| ENCHANTING +0 pair of gloves.
 20347 | D:14     | 20347 ||| Stepping ~*~*~tactically~*~*~ (hiding).
 20360 | D:14     | Received a gift from Okawaru
 20450 | D:14     | 20450 ||| Stepping ~*~*~tactically~*~*~ (hiding).
 20608 | D:15     | Entered Level 15 of the Dungeon
 20698 | D:15     | Found a hide-covered altar of Uskayaw.
 20699 | D:15     | 20699 ||| Stepping ~*~*~tactically~*~*~ (hiding).
 20896 | D:15     | 20896 ||| INVOKING Heroism.
 21072 | D:15     | 21072 ||| INVOKING Heroism.
 21223 | D:15     | 21223 ||| Stepping ~*~*~tactically~*~*~ (stealth).
 21280 | D:15     | 21280 ||| INVOKING Heroism.
 21281 | D:15     | 21281 ||| Stepping ~*~*~tactically~*~*~ (stealth).
 21284 | D:15     | 21284 ||| Stepping ~*~*~tactically~*~*~ (stealth).
 21419 | D:15     | 21419 ||| Stepping ~*~*~tactically~*~*~ (stealth).
 21420 | D:15     | 21420 ||| Stepping ~*~*~tactically~*~*~ (stealth).
 21429 | D:15     | 21429 ||| INVOKING Heroism.
 21434 | D:15     | Reached skill level 12 in Shields
 21751 | D:15     | Found a staircase to the Depths.
 21752 | D:15     | 21752 ||| INVOKING Heroism.
 21758 | D:15     | Received a gift from Okawaru
 21917 | D:15     | 21917 ||| UPGRADING to +1 kite shield of reflection.
 21927 | D:15     | 21927 ||| DROPPING +2 kite shield "Jicareer" {rN+ Int-5
                  | Dex+9 Slay-6}.
 21928 | D:15     | 21928 ||| DROPPING amulet of regeneration.
 21978 | D:15     | 21978 ||| Stepping randomly (stuck).
 21979 | D:15     | 21979 ||| PLANNING ORC
 22168 | Orc:1    | Entered Level 1 of the Orcish Mines
 22172 | Orc:1    | 22172 ||| Stepping ~*~*~tactically~*~*~ (hiding).
 22174 | Orc:1    | 22174 ||| Stepping ~*~*~tactically~*~*~ (hiding).
 22299 | Orc:1    | 22299 ||| INVOKING Heroism.
 22301 | Orc:1    | HP: 26/104 [troll simulacrum[a necromancer] (15)]
 22302 | Orc:1    | 22302 ||| READING 10 scrolls of teleportation.
 22303 | Orc:1    | 22303 ||| DRINKING 2 potions of heal wounds.
 22316 | Orc:1    | HP: 19/104 [orc priest/divine providence (10)]
 22317 | Orc:1    | 22317 ||| READING 9 scrolls of teleportation.
 22318 | Orc:1    | 22318 ||| DRINKING potion of heal wounds.
 22327 | Orc:1    | Noticed Jorgrun
 22328 | Orc:1    | 22328 ||| INVOKING Finesse.
 22332 | Orc:1    | 22332 ||| INVOKING Heroism.
 22336 | Orc:1    | HP: 19/104 [orc priest/divine providence (14)]
 22337 | Orc:1    | 22337 ||| READING 8 scrolls of teleportation.
 22345 | Orc:1    | Killed Jorgrun
 22592 | Orc:1    | 22592 ||| Stepping ~*~*~tactically~*~*~ (stealth).
 22593 | Orc:1    | 22593 ||| Stepping ~*~*~tactically~*~*~ (stealth).
 22597 | Orc:1    | 22597 ||| INVOKING Heroism.
 22601 | Orc:1    | 22601 ||| Stepping ~*~*~tactically~*~*~ (stealth).
 22615 | Orc:1    | 22615 ||| Stepping ~*~*~tactically~*~*~ (stealth).
 22624 | Orc:1    | 22624 ||| Stepping ~*~*~tactically~*~*~ (stealth).
 22625 | Orc:1    | 22625 ||| Stepping ~*~*~tactically~*~*~ (stealth).
 22636 | Orc:1    | 22636 ||| Stepping ~*~*~tactically~*~*~ (stealth).
 22637 | Orc:1    | 22637 ||| Stepping ~*~*~tactically~*~*~ (stealth).
 22696 | Orc:1    | Found Lop Qong's Antique Armour Emporium.
 22704 | Orc:1    | 22704 ||| Stepping ~*~*~tactically~*~*~ (stealth).
 22716 | Orc:1    | 22716 ||| BUYING glowing swamp dragon scales (1802 gold).
 22716 | Orc:1    | Bought glowing swamp dragon scales for 1802 gold pieces
 22716 | Orc:1    | 22716 ||| BUYING shiny chain mail (255 gold).
 22716 | Orc:1    | Bought a shiny chain mail for 255 gold pieces
 22785 | Orc:1    | 22785 ||| Stepping ~*~*~tactically~*~*~ (stealth).
 22787 | Orc:1    | 22787 ||| Stepping ~*~*~tactically~*~*~ (hiding).
 22788 | Orc:1    | 22788 ||| Stepping ~*~*~tactically~*~*~ (hiding).
 22789 | Orc:1    | 22789 ||| Stepping ~*~*~tactically~*~*~ (hiding).
 22911 | Orc:1    | 22911 ||| Stepping ~*~*~tactically~*~*~ (stealth).
 22912 | Orc:1    | 22912 ||| Stepping ~*~*~tactically~*~*~ (stealth).
 22973 | Orc:1    | 22973 ||| Stepping ~*~*~tactically~*~*~ (stealth).
 23391 | Orc:1    | 23391 ||| DROPPING +1 chain mail of fire resistance.
 23392 | Orc:1    | 23392 ||| DROPPING +2 swamp dragon scales.
 23423 | Orc:2    | Entered Level 2 of the Orcish Mines
 23430 | Orc:2    | Noticed Sonja
 23431 | Orc:2    | 23431 ||| INVOKING Finesse.
 23449 | Orc:2    | Killed Sonja
 23556 | Orc:2    | Found a staircase to the Elven Halls.
 23615 | Orc:2    | Noticed Urug
 23616 | Orc:2    | 23616 ||| INVOKING Heroism.
 23631 | Orc:2    | Killed Urug
 23646 | Orc:2    | 23646 ||| INVOKING Heroism.
 23658 | Orc:2    | 23658 ||| Stepping ~*~*~tactically~*~*~ (stealth).
 23696 | Orc:2    | 23696 ||| INVOKING Heroism.
 23874 | Orc:2    | 23874 ||| Stepping ~*~*~tactically~*~*~ (hiding).
 23875 | Orc:2    | 23875 ||| Stepping ~*~*~tactically~*~*~ (hiding).
 23879 | Orc:2    | 23879 ||| Stepping ~*~*~tactically~*~*~ (hiding).
 23975 | Orc:2    | 23975 ||| INVOKING Heroism.
 23978 | Orc:2    | Found Hajib's General Store.
 23986 | Orc:2    | Found Naiffal's Distillery.
 24034 | Orc:2    | Found a runed translucent door.
 24041 | Orc:2    | Found the +10 tower shield of Ignorance {rN+ Int-4}
 24076 | Orc:2    | Found a runed translucent door.
 24172 | Orc:2    | 24172 ||| FLEEEEING.
 24173 | Orc:2    | 24173 ||| FLEEEEING.
 24174 | Orc:2    | 24174 ||| FLEEEEING.
 24175 | Orc:2    | 24175 ||| FLEEEEING.
 24180 | Orc:2    | 24180 ||| FLEEEEING.
 24181 | Orc:2    | 24181 ||| FLEEEEING.
 24185 | Orc:2    | 24185 ||| FLEEEEING.
 24186 | Orc:2    | 24186 ||| FLEEEEING.
 24187 | Orc:2    | 24187 ||| FLEEEEING.
 24188 | Orc:2    | 24188 ||| FLEEEEING.
 24189 | Orc:2    | 24189 ||| FLEEEEING.
 24190 | Orc:2    | 24190 ||| FLEEEEING.
 24195 | Orc:2    | 24195 ||| FLEEEEING.
 24197 | Orc:2    | 24197 ||| FLEEEEING.
 24198 | Orc:2    | 24198 ||| Stepping ~*~*~tactically~*~*~ (hiding).
 24200 | Orc:2    | 24200 ||| Stepping ~*~*~tactically~*~*~ (hiding).
 24317 | Orc:2    | 24317 ||| BUYING +2 cloak "Yhemet" {*Slow rC++} (534 gold).
 24317 | Orc:2    | Bought the +2 cloak "Yhemet" {*Slow rC++} for 534 gold
                  | pieces
 24317 | Orc:2    | 24317 ||| SHOPLISTING +2 pair of gloves of hurling (344
                  | gold, have 109).
 24317 | Orc:2    | 24317 ||| BUYING potion of heal wounds (80 gold).
 24317 | Orc:2    | Bought a potion of heal wounds for 80 gold pieces
 24317 | Orc:2    | 24317 ||| SHOPLISTING ring of fire (400 gold, have 29).
 24317 | Orc:2    | 24317 ||| SHOPLISTING scroll of teleportation (48 gold,
                  | have 29).
 24317 | Orc:2    | 24317 ||| SHOPLISTING wand of digging (3) (201 gold, have
                  | 29).
 24319 | Orc:2    | 24319 ||| SHOPLISTING 2 potions of curing (78 gold, have
                  | 29).
 24319 | Orc:2    | 24319 ||| SHOPLISTING potion of haste (130 gold, have 29).
 24319 | Orc:2    | 24319 ||| SHOPLISTING potion of heal wounds (65 gold, have
                  | 29).
 24319 | Orc:2    | 24319 ||| SHOPLISTING potion of mutation (104 gold, have
                  | 29).
 24319 | Orc:2    | 24319 ||| SHOPLISTING potion of resistance (130 gold, have
                  | 29).
 24337 | Orc:2    | 24337 ||| Stepping ~*~*~tactically~*~*~ (hiding).
 24342 | Orc:2    | 24342 ||| INVOKING Heroism.
 24357 | Orc:2    | 24357 ||| Stepping ~*~*~tactically~*~*~ (hiding).
 24390 | Orc:2    | 24390 ||| Stepping ~*~*~tactically~*~*~ (hiding).
 24396 | Orc:2    | 24396 ||| INVOKING Heroism.
 24414 | Orc:2    | 24414 ||| Stepping ~*~*~tactically~*~*~ (hiding).
 24420 | Orc:2    | Paralysed by an orc sorcerer for 5 turns
 24456 | Orc:2    | 24456 ||| Stepping ~*~*~tactically~*~*~ (hiding).
 24477 | Orc:2    | 24477 ||| INVOKING Heroism.
 24503 | Orc:2    | Received a gift from Okawaru
 24518 | Orc:2    | 24518 ||| FLEEEEING.
 24519 | Orc:2    | 24519 ||| FLEEEEING.
 24520 | Orc:2    | 24520 ||| FLEEEEING.
 24525 | Orc:2    | 24525 ||| FLEEEEING.
 24526 | Orc:2    | 24526 ||| FLEEEEING.
 24531 | Orc:2    | 24531 ||| FLEEEEING.
 24532 | Orc:2    | 24532 ||| FLEEEEING.
 24533 | Orc:2    | 24533 ||| FLEEEEING.
 24534 | Orc:2    | 24534 ||| FLEEEEING.
 24539 | Orc:2    | 24539 ||| FLEEEEING.
 24543 | Orc:2    | 24543 ||| FLEEEEING.
 24544 | Orc:2    | 24544 ||| FLEEEEING.
 24545 | Orc:2    | 24545 ||| FLEEEEING.
 24546 | Orc:2    | 24546 ||| FLEEEEING.
 24547 | Orc:2    | 24547 ||| FLEEEEING.
 24548 | Orc:2    | 24548 ||| FLEEEEING.
 24549 | Orc:2    | 24549 ||| FLEEEEING.
 24555 | Orc:2    | 24555 ||| FLEEEEING.
 24556 | Orc:2    | 24556 ||| FLEEEEING.
 24557 | Orc:2    | 24557 ||| FLEEEEING.
 24558 | Orc:2    | 24558 ||| FLEEEEING.
 24559 | Orc:2    | 24559 ||| FLEEEEING.
 24560 | Orc:2    | 24560 ||| FLEEEEING.
 24561 | Orc:2    | 24561 ||| FLEEEEING.
 24562 | Orc:2    | 24562 ||| FLEEEEING.
 24563 | Orc:2    | 24563 ||| FLEEEEING.
 24564 | Orc:2    | 24564 ||| FLEEEEING.
 24565 | Orc:2    | 24565 ||| FLEEEEING.
 24566 | Orc:2    | 24566 ||| FLEEEEING.
 24567 | Orc:2    | 24567 ||| FLEEEEING.
 24568 | Orc:2    | 24568 ||| FLEEEEING.
 24576 | Orc:2    | 24576 ||| INVOKING Heroism.
 24582 | Orc:2    | Reached skill level 18 in Axes
 24599 | Orc:2    | 24599 ||| DROPPING +5 spectral war axe.
 24698 | Orc:2    | 24698 ||| Stepping ~*~*~tactically~*~*~ (stealth).
 24704 | Orc:2    | 24704 ||| INVOKING Heroism.
 24723 | Orc:2    | Found Ziorozew's Antique Armour Emporium.
 24723 | Orc:2    | Found Xewnom's Jewellery Shoppe.
 24724 | Orc:2    | Found a one-way gate leading to the halls of Pandemonium.
 24728 | Orc:2    | 24728 ||| SHOPLISTING +5 ring of evasion (540 gold, have
                  | 29).
 24728 | Orc:2    | 24728 ||| SHOPLISTING ring of fire (375 gold, have 29).
 24728 | Orc:2    | 24728 ||| SHOPLISTING ring of protection from fire (375
                  | gold, have 29).
 24796 | Orc:2    | 24796 ||| DROPPING +0 cloak.
 24797 | Orc:2    | 24797 ||| PLANNING SWAMP:1-3
 24797 | Orc:2    | 24797 ||| UPGRADING to +1 plate armour of positive energy.
 24807 | Orc:2    | 24807 ||| DROPPING +0 plate armour.
 24808 | Orc:2    | 24808 ||| UPGRADING to +2 cloak "Yhemet" {*Slow rC++}.
 24818 | Orc:2    | 24818 ||| DROPPING scarf of repulsion.
 25058 | Swamp:1  | Entered Level 1 of the Swamp
 25115 | Swamp:1  | 25115 ||| Stepping ~*~*~tactically~*~*~ (hiding).
 25116 | Swamp:1  | 25116 ||| Stepping ~*~*~tactically~*~*~ (hiding).
 25117 | Swamp:1  | 25117 ||| Stepping ~*~*~tactically~*~*~ (hiding).
 25118 | Swamp:1  | 25118 ||| Stepping ~*~*~tactically~*~*~ (hiding).
 25119 | Swamp:1  | 25119 ||| INVOKING Heroism.
 25161 | Swamp:1  | 25161 ||| INVOKING Heroism.
 25166 | Swamp:1  | Reached XP level 17. HP: 108/108 MP: 21/24
 25173 | Swamp:1  | 25173 ||| Stepping ~*~*~tactically~*~*~ (hiding).
 25174 | Swamp:1  | 25174 ||| Stepping ~*~*~tactically~*~*~ (hiding).
 25183 | Swamp:1  | 25183 ||| INVOKING Heroism.
 25254 | Swamp:1  | 25254 ||| INVOKING Heroism.
 25321 | Swamp:1  | 25321 ||| Stepping ~*~*~tactically~*~*~ (stealth).
 25323 | Swamp:1  | 25323 ||| INVOKING Heroism.
 25432 | Swamp:1  | 25432 ||| INVOKING Heroism.
 25504 | Swamp:1  | 25504 ||| Stepping ~*~*~tactically~*~*~ (hiding).
 25577 | Swamp:1  | 25577 ||| Stepping ~*~*~tactically~*~*~ (stealth).
 25615 | Swamp:1  | Reached skill level 12 in Armour
 25847 | Swamp:2  | 25847 ||| INVOKING Heroism.
 25849 | Swamp:2  | 25849 ||| SWAPPING to +6 morningstar "Kabb" {elec, rPois
                  | rF+}.
 25931 | Swamp:2  | 25931 ||| FLEEEEING.
 25932 | Swamp:2  | 25932 ||| STAIRDANCE
 26057 | Swamp:1  | 26057 ||| UPGRADING to +5 war axe of the Bruised Dances
                  | {freeze, rN+ rCorr MP-9 Dex+3}.
 26058 | Swamp:1  | 26058 ||| UPGRADING to +11 broad axe "Oroutt" {freeze, rF+
                  | Dex+3}.
 26168 | Swamp:2  | 26168 ||| Stepping ~*~*~tactically~*~*~ (stealth).
 26217 | Swamp:2  | 26217 ||| Stepping ~*~*~tactically~*~*~ (hiding).
 26219 | Swamp:2  | 26219 ||| Stepping ~*~*~tactically~*~*~ (hiding).
 26336 | Swamp:2  | 26336 ||| Stepping ~*~*~tactically~*~*~ (hiding).
 26463 | Swamp:2  | 26463 ||| INVOKING Heroism.
 26508 | Swamp:2  | 26508 ||| INVOKING Heroism.
 26628 | Swamp:2  | 26628 ||| INVOKING Heroism.
 26708 | Swamp:2  | 26708 ||| Stepping ~*~*~tactically~*~*~ (hiding).
 26710 | Swamp:2  | 26710 ||| INVOKING Heroism.
 26787 | Swamp:2  | 26787 ||| INVOKING Heroism.
 27132 | Swamp:2  | 27132 ||| DROPPING ring of positive energy.
 27157 | Swamp:3  | 27157 ||| INVOKING Heroism.
 27314 | Swamp:3  | Identified the +3 pair of gloves "Osibirph" {Str+6 Stlth+}
 27314 | Swamp:3  | Noticed Nikola
 27315 | Swamp:3  | 27315 ||| INVOKING Heroism.
 27322 | Swamp:3  | 27322 ||| SWAPPING to +6 morningstar "Kabb" {elec, rPois
                  | rF+}.
 27323 | Swamp:3  | 27323 ||| Stepping ~*~*~tactically~*~*~ (outnumbered).
 27326 | Swamp:3  | Received a gift from Okawaru
 27332 | Swamp:3  | 27332 ||| Stepping ~*~*~tactically~*~*~ (hiding).
 27346 | Swamp:3  | HP: 13/111 [Nikola/arc of chain lightning (66)]
 27347 | Swamp:3  | 27347 ||| READING 10 scrolls of teleportation.
 27348 | Swamp:3  | 27348 ||| DRINKING potion of heal wounds.
 27539 | Swamp:3  | 27539 ||| Stepping ~*~*~tactically~*~*~ (stealth).
 27615 | Swamp:3  | 27615 ||| UPGRADING to +5 war axe of the Bruised Dances
                  | {freeze, rN+ rCorr MP-9 Dex+3}.
 27616 | Swamp:3  | 27616 ||| UPGRADING to +11 broad axe "Oroutt" {freeze, rF+
                  | Dex+3}.
 27674 | Swamp:3  | 27674 ||| Stepping ~*~*~tactically~*~*~ (stealth).
 27676 | Swamp:3  | 27676 ||| INVOKING Heroism.
 27751 | Swamp:3  | 27751 ||| Stepping ~*~*~tactically~*~*~ (hiding).
 27752 | Swamp:3  | 27752 ||| Stepping ~*~*~tactically~*~*~ (hiding).
 27786 | Swamp:3  | 27786 ||| Stepping ~*~*~tactically~*~*~ (stealth).
 27789 | Swamp:3  | 27789 ||| Stepping ~*~*~tactically~*~*~ (hiding).
 27790 | Swamp:3  | 27790 ||| Stepping ~*~*~tactically~*~*~ (hiding).
 27791 | Swamp:3  | 27791 ||| Stepping ~*~*~tactically~*~*~ (hiding).
 27792 | Swamp:3  | 27792 ||| INVOKING Heroism.
 27798 | Swamp:3  | HP: 5/111 [Nikola/arc of chain lightning (46)]
 27799 | Swamp:3  | 27799 ||| READING 9 scrolls of teleportation.
 27806 | Swamp:3  | 27806 ||| READING 8 scrolls of teleportation.
 27810 | Swamp:3  | 27810 ||| READING 7 scrolls of teleportation.
 27812 | Swamp:3  | HP: 1/111 [ghost crab] (7)]
 27813 | Swamp:3  | Engulfed by a cloud of spectral mist

Levels and vault maps discovered:
D:1:      matt_arrival_grand_opening, layout_loops_corners,
          dreamdust_mushroom_princess
D:2:      layout_loops_cross
D:3:      layout_rooms, tgw_xom, fedhas_altar_4, serial_rivers,
          chequers_serial_rivers_micro_c, chequers_serial_rivers_small_a,
          chequers_serial_rivers_micro_d, chequers_serial_rivers_small_3,
          chequers_serial_rivers_large_a, minmay_misc_feat_room
D:4:      layout_layer_cave, minmay_temple_entry_junction, minmay_circle_x
D:5:      layout_cave_pods
D:6:      layout_loops_ring
D:7:      layout_basic, grunt_qazlal_clouds, jmf_multi_god_temple,
          ebering_ghost_rock_garden
D:8:      layout_loops_corners, overflow_temple_1_default, elyvilon_altar_1,
          nemelex_spade_bored_becter
D:9:      layout_cave_pools, gammafunk_ghost_nasty_kobolds
D:10:     layout_grid_maze, orc_0_dummy
D:11:     layout_layer_cave, lair_entry_dummy, st_stairs_10, serial_park_tiny_2,
          nicolae_zen_rock_garden
D:12:     layout_stronghold, nicolae_yredelemnul_corpse_copse, uniq_maurice
D:13:     layout_irregular_city, david_vaults_1
D:14:     layout_irregular_city, minivault_4
D:15:     grunt_enter_depths_snipers, layout_gridville,
          nicolae_uskayaw_dance_hall, minmay_crystal_room
Temple:   eino_temple_lava
Lair:1:   layout_cave_pods
Lair:2:   layout_big_grid, grunt_megastairs_5, serial_bayou_shore_a,
          lemuel_fruit_fields, uniq_maggie
Lair:3:   layout_gridlike, swamp_mist_pool, spider_nest_entry_a, uniq_nessos
Lair:4:   layout_cave_pods, beast_lair_carwin_10, infiniplex_staircase_pool_2,
          grunt_megastairs_4
Lair:5:   hangedman_lair_caniforms_friends, layout_hall_layers,
          hangedman_lair_tendril_chambers, slime_entry_2,
          gauntlet_entry_generic, serial_bayou_shore_b
Swamp:1:  layout_basic_swamp, evilmike_swamp_ruin_house_3
Swamp:2:  layout_basic_swamp, serial_swamp_ruin, evilmike_swamp_ruin_house_1,
          evilmike_swamp_ruin_rubble_1, hangedman_swamp_ruin_wall, swamp_pool1
Swamp:3:  layout_falls_marsh, hangedman_swamp_lotus, infiniplex_staircase_pool,
          uniq_nikola
Orc:1:    dreamdust_under_siege, layout_diamond_mine, serial_shops, shop,
          uniq_jorgrun
Orc:2:    pf_orc_diabolical, layout_caves, lemuel_statue_altar,
          chequers_guarded_unrand_ignorance, uniq_sonja, uniq_urug

Skill      XL: |  1  2  3  4  5  6  7  8  9 10 11 12 13 14 15 16 17 |
---------------+----------------------------------------------------+-----
Axes           | 2 3 4 5 7 8 10 11 13 15 16 17 18 | 18.0
Fighting       | 5 7 8 9 10 11 12 13 14 | 14.0
Dodging        | 1 2 3 4 5 |  5.6
Invocations    | 2 4 6 9 10 | 10.0
Armour         | 4 5 6 7 9 10 11 12 | 12.8
Throwing       | 1 3 4 6 7 |  7.0
Shields        | 4 5 6 7 8 10 13 | 13.9

Action                     |  1- 3 |  4- 6 |  7- 9 | 10-12 | 13-15 | 16-18 || total
---------------------------+-------+-------+-------+-------+-------+-------++-------
  Melee: War axe           |    89 |   135 |   120 |   205 |       |       ||   549
         Broad axe         |       |       |       |    33 |   694 |   552 ||  1279
         Morningstar       |       |       |       |    27 |    46 |    35 ||   108
  Throw: Boomerang         |       |       |    53 |    81 |   227 |    35 ||   396
         Javelin           |       |       |       |    34 |    77 |    81 ||   192
 Invoke: Heroism           |       |       |     9 |    14 |    26 |    33 ||    82
         Finesse           |       |       |       |     3 |     9 |     2 ||    14
    Use: Scroll            |     5 |    13 |     7 |     6 |     5 |     8 ||    44
         Potion            |     1 |       |       |       |       |     3 ||     4
   Stab: Distracted        |       |       |     1 |     1 |       |     1 ||     3
 Armour: Scale mail        |     6 |       |       |       |       |       ||     6
         Chain mail        |    37 |    11 |       |       |       |       ||    48
         Plate armour      |       |    65 |    40 |   121 |   356 |   168 ||   750
  Dodge: Dodged            |    31 |    62 |    55 |   119 |   353 |   184 ||   804
         Repelled          |       |       |       |       |     8 |       ||     8
  Block: Buckler           |     9 |    29 |    19 |    45 |   156 |       ||   258
         Kite shield       |       |       |       |       |    46 |   288 ||   334
         Reflection        |       |       |       |       |       |    14 ||    14

Table legend:
 A = Non-vault XP
 B = Vault XP
 C = Vault XP percentage of total XP
 D = Non-vault monster count
 E = Vault monster count
 F = Vault count percentage of total count
                 A         B        C        D         E       F
            +---------+---------+-------+---------+---------+-------
      Total |  150872 |   64741 |  30.0 |     588 |     232 |  28.3
            +---------+---------+-------+---------+---------+-------
        D:1 |      28 |       0 |   0.0 |      14 |       0 |   0.0
        D:2 |      39 |       0 |   0.0 |      15 |       0 |   0.0
        D:3 |      41 |       6 |  12.8 |       8 |       3 |  27.3
        D:4 |     127 |      22 |  14.8 |      13 |       5 |  27.8
        D:5 |     299 |       0 |   0.0 |      13 |       0 |   0.0
        D:6 |     231 |       0 |   0.0 |      14 |       0 |   0.0
        D:7 |     913 |     174 |  16.0 |      17 |       2 |  10.5
        D:8 |    1843 |       0 |   0.0 |      29 |       0 |   0.0
        D:9 |    3293 |       0 |   0.0 |      24 |       0 |   0.0
       D:10 |    4660 |     397 |   7.9 |      21 |       1 |   4.5
       D:11 |    2941 |      91 |   3.0 |      18 |       1 |   5.3
       D:12 |    2816 |    6710 |  70.4 |      12 |      14 |  53.8
       D:13 |    8866 |    2128 |  19.4 |      22 |       3 |  12.0
       D:14 |   14578 |       0 |   0.0 |      24 |       0 |   0.0
       D:15 |   15637 |    2705 |  14.7 |      28 |       3 |   9.7
     Lair:1 |    6855 |       0 |   0.0 |      36 |       0 |   0.0
     Lair:2 |    4044 |    1865 |  31.6 |      16 |       5 |  23.8
     Lair:3 |    6206 |    1491 |  19.4 |      26 |       3 |  10.3
     Lair:4 |   12840 |    6504 |  33.6 |      36 |      15 |  29.4
     Lair:5 |    9651 |   20423 |  67.9 |      32 |      92 |  74.2
    Swamp:1 |   10151 |       0 |   0.0 |      21 |       0 |   0.0
    Swamp:2 |   15409 |       0 |   0.0 |      31 |       0 |   0.0
    Swamp:3 |   10706 |       0 |   0.0 |      26 |       0 |   0.0
      Orc:1 |    2886 |    5423 |  65.3 |      42 |      21 |  33.3
      Orc:2 |    2313 |   16802 |  87.9 |      18 |      64 |  78.0
    Abyss:2 |   13499 |       0 |   0.0 |      32 |       0 |   0.0
            +---------+---------+-------+---------+---------+-------
